 Dungeon Crawl Stone Soup version 0.31-a0-960-g0fca184906 (webtiles) character file.

Game seed: 1645590729733710048

1 Azuregosa the Sneak (level 1, -3/16 HPs)
             Began as an Octopode Delver on Oct 23, 2023.
             Slain by a sleepcap (10 damage)
             ... on level 5 of the Dungeon.
             The game lasted 00:00:56 (108 turns).

Azuregosa the Sneak (Octopode Delver)                Turns: 108, Time: 00:00:57

Health: -3/16      AC:  1    Str: 11    XL:     1   Next: 20%
Magic:  1/1        EV:  2    Int: 12    God:
Gold:   0          SH:  0    Dex: 13    Spells: 0/0 levels left

rFire   . . .        a - +0 spear
rCold   . . .        (no shield)
rNeg    . . .        (helmet restricted)
rPois   .            (no amulet)
rElec   .            (no ring)
rCorr   .            (no ring)
SInv    .            (no ring)
Will    .....        (no ring)
Stlth   ++++         (no ring)
HPRegen 0.22/turn    (no ring)
MPRegen 0.07/turn    (no ring)
                     (no ring)

%: no passive effects
@: sleeping
A: almost no armour, amphibious, 8 rings, camouflage 1, gelatinous body 1,
(nimble swimmer 1), tentacles
a: no special abilities


You were on level 5 of the Dungeon.
You visited 1 branch of the dungeon, and saw 1 of its levels.

Inventory:

Hand Weapons
 a - a +0 spear (weapon)
Missiles
 c - 5 stones
Wands
 f - a wand of digging (3)
Scrolls
 b - a scroll of fog
 d - a scroll of fear
Potions
 e - a potion of haste


   Skills:
 - Level 3.0 Fighting
 - Level 2.0 Polearms
 - Level 2.0 Dodging
 + Level 6.6 Stealth


You couldn't memorise any spells.
You didn't know any spells.
Your spell library was empty.

Dungeon Overview and Level Annotations

Branches:
Dungeon (5/15)
 Temple: D:4-7

Altars:


Innate Abilities, Weirdness & Mutations

You cannot wear most types of armour.
You are amphibious.
You can wear up to eight rings at the same time.
Your skin changes colour to match your surroundings (Stealth+).
Your rubbery body absorbs attacks. (AC +1, EV +1)
((You are camouflaged when in or above water. (Stealth+)))
You have tentacles for arms and can constrict up to eight enemies at once.


Message History

A quokka comes into view.
The quokka misses you.
You hit the quokka. Your grab misses the quokka.
Your squeeze misses the quokka.
The quokka is almost dead.
The quokka bites you but does no damage.
The quokka barely misses you.
You hit the quokka but do no damage. You grab the quokka.
The quokka is almost dead.
You constrict the quokka, but do no damage.
The quokka closely misses you.
You hit the quokka.
You kill the quokka!
A hound comes into view.
You see here 6 stones.
A jackal comes into view.
An iguana comes into view.
You see here 6 stones.
A sleepcap comes into view.
You hit the sleepcap but do no damage. You grab the sleepcap.
You constrict the sleepcap, but do no damage.
The sleepcap barely misses you.
You hit the sleepcap.
The sleepcap is lightly damaged.
You constrict the sleepcap, but do no damage.
The sleepcap releases spores at you.
You hit the sleepcap.
The sleepcap is lightly damaged.
You constrict the sleepcap, but do no damage.
The sleepcap barely misses you.
You hit the sleepcap but do no damage.
The sleepcap is lightly damaged.
You constrict the sleepcap, but do no damage.
The sleepcap releases spores at you.
You are engulfed in a cloud of soporific spores!
You fall asleep.
You lose your grip on the sleepcap.
The sleepcap releases spores at you!
Ouch! That really hurt!
You die...

***,,,+***,** *,,******,****
*~~~*,,,,* *,,,,,,,,,,,,*
*~~~*,,*** ************,*
***,,,+*** ### ***,***
**,,,,,,,** ##.## *,,,,,,
*,,,***,,,*
##...###******,*,***
**,,**,**,,**#......,,,,,,,,*,*
*,,,*,,,*,,,**#.f.#**********,*
*,,**,,,**,,* *#@#* *,*
*,,*,,_,,*,,* #.# *,*
*,,*,,,,,*,,* #.# ********,*
**,,,,,,,,,** #.# *,,,,,,,,*
****,,,,,**#####.# *,********
############.....# #.#
..h.h.....(..###.# #.#
######.####### #.## #.# *
***#.**** #..# #.#


You could see a sleepcap.

Vanquished Creatures
  A quokka (D:5)
1 creature vanquished.

Notes
Turn   | Place    | Note
-------+----------+-------------------------------------------
     0 | D:5      | Azuregosa the Octopode Delver began the quest for the Orb.
     0 | D:5      | Reached XP level 1. HP: 16/16 MP: 1/1
    38 | D:5      | Noticed an ice beast
    86 | D:5      | Noticed a hound
    90 | D:5      | Noticed an iguana
    99 | D:5      | Noticed a sleepcap
   108 | D:5      | Slain by a sleepcap

Illustrated notes

Levels and vault maps discovered:
D:5:      layout_loops_ring, tso_oasis_becter, mainiacjoe_overflow_two_lobes,
          serial_shops, nicolae_stop_n_shop_2

Action                     || total
---------------------------++-------
  Melee: Spear             ||     7
         Constrict         ||     2
    Use: Scroll            ||     1
 Armour: Skin              ||     4
  Dodge: Dodged            ||     5

Table legend: (Time is in decaauts)
 A = Elapsed time spent in this place.
 B = Non-inter-level travel time spent in this place.
 C = Inter-level travel time spent in this place.
 D = Time resting spent in this place.
 E = Time spent auto-exploring this place.
 F = Levels seen in this place.
 G = Mean time per level.
                   A        B        C        D        E       F      G
               +--------+--------+--------+--------+--------+-----+--------+
         Total |    108 |    108 |      0 |      0 |     41 |   1 |  108.0 |
       Dungeon |    108 |    108 |      0 |      0 |     41 |   1 |  108.0 |
               +--------+--------+--------+--------+--------+-----+--------+

Top non-repeatable levels by time:
     D:5: 108 daAuts
